AoeStats
← blytz

Arabia

510435783Analyzed
1v1 RM · 1d ago on Oct 1, 2026· 21m 24s· 2 players
Game mode
Random Map
Map size
Tiny (2 player)
Population
200
Speed
Normal
Resources
Standard
Victory
Conquest
Starting age
Dark Age
Ending age
Imperial Age
RankedLock teamsTeams togetherTeam positionsShared explorationLock speedFull tech treeHidden civsTurbo modeCheats
Victory
Defeat
🇨🇳 Varangians · China
2293
+10
🇩🇪 Cumans · Germany
2154
-10
Pessiron
6:01 Loom
8:43 Feudal Age
10:03 Double-Bit Axe
17:10 Town Watch
20:21 Castle Age
18:44 Fletching
blytz
6:55 Loom
9:58 Feudal Age
13:36 Castle Age
13:25 Scale Mail Armor
Connection lost

Rejoining the realm…

Still unreachable

The connection could not be restored.

Session expired

The server has moved on; the page needs a fresh start.